 Dungeon Crawl Stone Soup version 0.26.1-11-gd32895ea62 (webtiles) character file.

Game seed: 3130844512744487566

2014 nomophobia the Chopper (level 9, -10/69 HPs)
             Began as a Demonspawn Berserker on May 20, 2021.
             Was an Elder of Trog.
             Mangled by an orc warrior
             ... wielding a +0 battleaxe
              (16 damage)
             ... on level 9 of the Dungeon.
             The game lasted 00:51:41 (6783 turns).

nomophobia the Chopper (Demonspawn Berserker)       Turns: 6783, Time: 00:51:42

Health: -10/69     AC: 12    Str: 24    XL:     9   Next: 2%
Magic:  9/9        EV:  9    Int:  8    God:    Trog [****..]
Gold:   231        SH:  0    Dex: 12    Spells: 8/8 levels left

rFire    + + .     SeeInvis .   a - +1 hand axe
rCold    . . .     Faith    .   (no shield)
rNeg     . . .     Spirit   .   x - +0 plate armour
rPois    .         Reflect  .   (no helmet)
rElec    .         Harm     .   (no cloak)
rCorr    .         Rampage  .   (no gloves)
Will     +....                  (no boots)
Stlth    ..........             v - amulet of Kuitiv {Acrobat Str+2}
HPRegen  0.21/turn              l - ring of willpower
MPRegen  0.11/turn              z - ring of protection from fire

@: berserk cooldown, slowed, very slow
A: claws 2, talons 2, demonic guardian 1, fire resistance 1
a: Renounce Religion, Berserk, Trog's Hand, Brothers in Arms


You were on level 9 of the Dungeon.
You worshipped Trog.
Trog was greatly pleased with you.
You visited 1 branch of the dungeon, and saw 7 of its levels.

You collected 231 gold pieces.

Inventory:

Hand Weapons
 a - a +1 hand axe (weapon)
 t - a +1 long sword of electrocution
Armour
 x - a +0 plate armour (worn)
Jewellery
 l - a ring of willpower (left claw)
 m - an uncursed ring of fire
 v - the amulet of Kuitiv (around neck) {Acrobat Str+2}
   (You found it on level 4 of the Dungeon)

   [amulet of the acrobat]

   It helps you evade while moving and waiting.
   It affects your strength (+2).
 z - a ring of protection from fire (right claw)
Wands
 y - a wand of flame (28)
 A - a wand of iceblast (9)
Scrolls
 b - 2 scrolls of identify
 h - a scroll of blinking
 i - 3 scrolls of immolation
 j - 2 scrolls of remove curse
 r - a scroll of enchant weapon
 s - 2 scrolls of fear
 u - a scroll of teleportation
Potions
 c - a potion of brilliance {unknown}
 d - 2 potions of flight {unknown}
 e - a potion of lignification {unknown}
 f - 8 potions of curing {unknown}
 g - a potion of haste {unknown}
 k - 2 potions of degeneration {unknown}
 n - a potion of resistance {unknown}
 o - 2 potions of attraction {unknown}
 p - 2 potions of magic {unknown}
 w - 2 potions of mutation {unknown}


   Skills:
 + Level 6.1 Fighting
 * Level 7.4 Axes
 + Level 5.0 Armour
 + Level 5.0 Dodging


You had 8 spell levels left.
You didn't know any spells.
Your spell library contained the following spells:

 Spells                   Type           Power        Failure   Level
 Magic Dart               Conj           0%           100%        1
 Searing Ray              Conj           0%           100%        2
 Dazzling Flash           Conj/Hex       0%           100%        3
 Fulminant Prism          Conj/Hex       0%           100%        4
 Iskenderun's Mystic Bla  Conj/Tloc      0%           100%        4


Dungeon Overview and Level Annotations

Branches:
Dungeon (9/15)             Temple (0/1) D:6
   Lair: D:8-11         Orc: D:9-12

Altars:
Fedhas
Ru
Trog
Uskayaw
Xom

Annotations:
D:5 1 transporter


Innate Abilities, Weirdness & Mutations

You have very sharp fingernails.
You have razor-sharp toenails.
A weak demonic guardian rushes to your aid.
Your flesh is heat resistant. (rF+)


Message History

Your quasit misses the orc warrior.
Your quasit disappears in a puff of smoke!
You hit the orc warrior. Your kick misses the orc warrior.
The orc warrior is lightly wounded.
The orc warrior hits you but does no damage.
The orc warrior hits you from afar with a +0 halberd!
You completely miss the orc warrior. Your kick misses the orc warrior.
The orc warrior is lightly wounded.
The orc warrior closely misses you.
The orc warrior hits you with a +0 battleaxe!!
You slash the orc warrior! Your kick misses the orc warrior.
The orc warrior is heavily wounded.
The orc warrior hits you but does no damage.
The orc warrior completely misses you.
You slash the orc warrior!
The orc warrior is almost dead.
The orc warrior hits you from afar with a +0 halberd!
* * * LOW HITPOINT WARNING * * *
The orc warrior hits you with a +0 battleaxe!
You die...

#.....# #......... +.....#
+......... #.[...# #........
#..... #.......
#....#######....#####
#....#..........#....
#.5.))[.........'....
########)o#..........#....
#..ooooo)@#.5........#....
#...ooo###############.###
#######...oo.#..#.....#......#..
#....##....oo#..#.....#......#(.
#....##....oo#..#.....#......#..
#....#########..#.....#......#..
#....#..........#.....#......#..
#....#..........###'############
#....#................#....#....


You could see 2 orc warriors, an orc priest, 7 orcs and a friendly white imp
(summoned).

Vanquished Creatures
  A two-headed ogre (D:9)
  A phantom (D:4)
  2 ogres (D:4)
  A gnoll sergeant (D:9)
  A scorpion (D:4)
  2 howler monkeys
  A hound (D:6)
  5 orc wizards
  A bullfrog skeleton (D:4)
  A centaur skeleton (D:9)
  4 worker ants
  4 iguanas
  A hound skeleton (D:9)
  A worker ant zombie (D:5)
  6 gnolls
  3 howler monkey skeletons (D:5)
  9 adders
  A shadow imp (D:6)
  3 oozes
  An adder skeleton (D:5)
  An adder zombie (D:5)
  A worm (D:2)
  2 dart slugs
  3 leopard geckos
  23 orcs
  A ball python (D:3)
  5 giant cockroaches
  6 goblins
  3 hobgoblins
  2 jackals (D:4)
  A quokka (D:6)
  A ball python zombie (D:5)
  5 bats
  4 frilled lizards
  7 kobolds
  7 rats
121 creatures vanquished.

Vanquished Creatures (collateral kills)
  An ice beast (D:6)
  A necrophage (D:9)
  A big kobold (D:9)
  An orc priest (D:4)
  A hound (D:9)
  A howler monkey skeleton (D:4)
  A gnoll (D:9)
  A shadow imp (D:9)
  An adder skeleton (D:4)
  2 orcs (D:9)
11 creatures vanquished.

Vanquished Creatures (others)
  6 plants (D:5)
6 creatures vanquished.

Grand Total: 138 creatures vanquished

Notes
Turn   | Place    | Note
-------+----------+-------------------------------------------
     0 | D:1      | nomophobia the Demonspawn Berserker began the quest for the
                  | Orb.
     0 | D:1      | Reached XP level 1. HP: 18/18 MP: 1/1
   541 | D:2      | Gained mutation: You have sharp toenails. [demonic
                  | ancestry]
   541 | D:2      | Reached XP level 2. HP: 24/24 MP: 2/2
   632 | D:2      | Reached skill level 3 in Axes
   959 | D:2      | Gained mutation: You have razor-sharp toenails. [demonic
                  | ancestry]
   959 | D:2      | Reached XP level 3. HP: 29/29 MP: 3/3
   987 | D:2      | Reached ** piety under Trog
  1255 | D:3      | Reached XP level 4. HP: 31/35 MP: 4/4
  1495 | D:3      | Gained mutation: You have sharp fingernails. [demonic
                  | ancestry]
  1495 | D:3      | Reached XP level 5. HP: 36/42 MP: 5/5
  1995 | D:3      | Reached skill level 4 in Axes
  2673 | D:4      | Noticed an ogre
  2835 | D:4      | Killed an ogre
  2836 | D:4      | Gained mutation: A weak demonic guardian rushes to your
                  | aid. [demonic ancestry]
  2836 | D:4      | Reached XP level 6. HP: 40/48 MP: 6/6
  3030 | D:4      | Reached skill level 5 in Axes
  3030 | D:4      | Reached XP level 7. HP: 33/55 MP: 7/7
  3080 | D:4      | Found a blossoming altar of Fedhas.
  3113 | D:4      | Reached *** piety under Trog
  3408 | D:4      | Got a fine graven amulet
  3409 | D:4      | Identified the amulet of Kuitiv {Acrobat Str+2} (You found
                  | it on level 4 of the Dungeon)
  3865 | D:5      | Entered Level 5 of the Dungeon
  3957 | D:5      | Found a transporter.
  4075 | D:5      | Found a sacrificial altar of Ru.
  4075 | D:5      | Found a bloodstained altar of Trog.
  4075 | D:5      | Found a shimmering altar of Xom.
  4076 | D:5      | Found a hide-covered altar of Uskayaw.
  5365 | D:6      | Reached skill level 5 in Fighting
  5493 | D:6      | Reached skill level 6 in Axes
  5493 | D:6      | Gained mutation: Your flesh is heat resistant. (rF+)
                  | [demonic ancestry]
  5493 | D:6      | Reached XP level 8. HP: 45/62 MP: 8/8
  5662 | D:6      | Found a staircase to the Ecumenical Temple.
  5730 | D:6      | You fall into a shaft and drop 3 floors!
  6099 | D:9      | Reached **** piety under Trog
  6194 | D:9      | Noticed a two-headed ogre
  6202 | D:9      | Killed a two-headed ogre
  6203 | D:9      | Reached skill level 7 in Axes
  6208 | D:9      | Reached skill level 5 in Armour
  6208 | D:9      | Reached skill level 5 in Dodging
  6729 | D:9      | Gained mutation: You have very sharp fingernails. [demonic
                  | ancestry]
  6729 | D:9      | Reached XP level 9. HP: 69/69 MP: 9/9
  6783 | D:9      | Mangled by an orc warrior

Illustrated notes

Levels and vault maps discovered:
D:1:      minmay_arrival_solitary_statue, layout_rooms, patterned_corridor
D:2:      layout_loops_ring, minivault_19, feat_on_display
D:3:      layout_loops_corners
D:4:      layout_rooms, lemuel_doored_altar
D:5:      layout_basic, grunt_temple_overflow_open,
          gammafunk_ghost_gnarly_gnolls
D:6:      layout_loops_ring, temple_fountains
D:9:      layout_grid_maze, special_room [special_room_orc]

Skill      XL: |  1  2  3  4  5  6  7  8 |
---------------+-------------------------+-----
Axes           | 3 4 5 6 7 |  7.4
Armour         | 2 3 4 5 |  5.0
Dodging        | 2 3 4 5 |  5.0
Fighting       | 4 5 6 |  6.1

Action                   |  1- 3 |  4- 6 |  7- 9 || total
-------------------------+-------+-------+-------++-------
Melee: Hand axe          |    79 |    76 |   208 ||   363
       Kick              |    12 |    15 |    67 ||    94
Invok: Berserk           |     1 |     2 |     4 ||     7
       Brothers in Arms  |       |       |     1 ||     1
  Use: Scroll            |     3 |     6 |     6 ||    15
Armor: Animal skin       |     8 |       |       ||     8
       Scale mail        |    20 |     7 |       ||    27
       Chain mail        |       |    18 |    23 ||    41
       Plate armour      |       |       |    67 ||    67
Dodge: Dodged            |    51 |    37 |    71 ||   159
